 Dungeon Crawl Stone Soup version 0.29-a0-414-g5075937ec3 (webtiles) character file.

Game seed: 7618297248932034483

869 Zwerchau the Skirmisher (level 7, -1/62 HPs)
             Began as a Purple Draconian Berserker on May 16, 2022.
             Was a Believer of Trog.
             Slain by Pikel
             ... wielding a +0 whip of electrocution
              (3 damage)
             ... on level 7 of the Dungeon.
             The game lasted 00:37:12 (5367 turns).

Zwerchau the Skirmisher (DrBe)                      Turns: 5367, Time: 00:37:13

Health: -1/62      AC:  8    Str: 19    XL:     7   Next: 73%
Magic:  7/7        EV: 13    Int:  7    God:    Trog [**....]
Gold:   224        SH:  0    Dex: 13    Spells: 6/6 levels left

rFire   . . .      SeeInvis .   n - +0 halberd (elec)
rCold   . . .      Faith    .   (shield currently unavailable)
rNeg    . . .      Spirit   .   (body armour unavailable)
rPois   .          Reflect  .   (helmet restricted)
rElec   .          Harm     .   (no cloak)
rCorr   .          Rampage  .   (no gloves)
Will    +....                   c - +1 pair of boots
Stlth   +.........              (no amulet)
HPRegen 0.20/turn               (no ring)
MPRegen 0.10/turn               (no ring)

@: short of breath, on berserk cooldown, slowed, very slow
A: breathe power, AC +6, unfitting armour, cold-blooded
a: Breathe Dispelling Energy, Renounce Religion, Berserk, Trog's Hand


You were on level 7 of the Dungeon.
You worshipped Trog.
Trog was pleased with you.
You visited 1 branch of the dungeon, and saw 5 of its levels.

You collected 224 gold pieces.

Inventory:

Hand Weapons
 a - a +0 spear
 b - a +3 whip
 g - a +0 dagger
 i - a +1 falchion of freezing
 l - a +0 long sword
 m - a +3 falchion of freezing
 n - a +0 halberd of electrocution (weapon)
Missiles
 h - 4 poisoned darts (quivered)
 j - 5 boomerangs
Armour
 c - a +1 pair of boots (worn)
 k - a +0 robe
Scrolls
 p - a scroll of amnesia {unknown}
Potions
 d - 5 potions of heal wounds {unknown}
 e - a potion of brilliance
 f - 2 potions of curing
 o - a potion of attraction {unknown}


   Skills:
 + Level 5.9 Fighting
 + Level 5.3 Polearms
 + Level 3.5 Throwing
 + Level 4.8 Dodging


You had 6 spell levels left.
You didn't know any spells.
Your spell library contained the following spells:

 Spells                   Type           Power      Damage    Failure   Level
 Static Discharge         Conj/Air       0%         N/A       56%         2
 Dispel Undead            Necr           0%         3d6       99%         4
 Sticky Flame             Conj/Fire      0%         2d3       99%         4


Dungeon Overview and Level Annotations

Branches:
Dungeon (4/15)
 Temple: D:4-7

Altars:
Elyvilon
Gozag
Hepliaklqana
Xom

Annotations:
D:7 Joseph, Pikel


Innate Abilities, Weirdness & Mutations

You can breathe bolts of dispelling energy.
Your rich purple scales are hard. (AC +6)
You cannot fit into any form of body armour.
You are cold-blooded and may be slowed by cold attacks.


Message History

Pikel shouts!
You hear a shout!
Pikel drinks a potion.
Pikel seems to speed up.
A lemure comes into view. x2
You hear a shout!
A necrophage comes into view.
The lemure shouts!
A lemure comes into view.
A lemure comes into view.
Pikel hits you with a +0 whip of electrocution.
You are electrocuted!
Aiming: Breathe Dispelling Energy (5% risk of failure)
Press: ? - help, Shift-Dir - straight line You breathe a bolt of dispelling energy.
The bolt of dispelling energy hits Pikel!
Pikel is moderately wounded.
Pikel's magical effects unravel!
The bolt of dispelling energy misses the lemure.
The bolt of dispelling energy hits the lemure!
The lemure is moderately wounded.
The bolt of dispelling energy hits the lemure.
The lemure is moderately wounded.
Pikel misses you.
Pikel hits you with a +0 whip of electrocution.
You're still recovering from your berserk rage.
You miss Pikel.
Your tail-slap misses Pikel.
Pikel is moderately wounded.
Pikel hits you but does no damage.
Pikel hits you with a +0 whip of electrocution.
You are electrocuted!
You barely miss Pikel. You tail-slap Pikel, but do no damage.
Pikel is moderately wounded.
Joseph, a Mercenary comes into view.
He is wielding a +0 spectral quarterstaff.
Pikel hits you with a +0 whip of electrocution!
* * * LOW HITPOINT WARNING * * *
Pikel hits you but does no damage.
You are electrocuted!
* * * LOW HITPOINT WARNING * * *
Joseph says, "You will never get the ORB, sorry."
Pikel attacks as you move away!
Pikel hits you with a +0 whip of electrocution.
You die...

#.. #.# ##### #.#
#...
#.#########.####.##
#.##...@K555@......
#.##.######5####...
#.##.# #.# ##.##.#
#.. #..##.# ....
#.#)..# .####
#.#.........
#.#...######
#.##..##


You could see Joseph, Pikel and 4 lemures.

Vanquished Creatures
  Menkaure (D:4)
  10 wights (D:7)
  A water moccasin skeleton (D:3)
  Terence (D:2)
  A scorpion zombie (D:3)
  3 gnolls (D:3)
  2 adders
  2 worms (D:4)
  3 dart slugs
  10 endoplasms
  2 giant cockroaches
  12 goblins
  9 hobgoblins
  6 jackals
  4 quokkas
  5 ball pythons
  A ball python skeleton (D:3)
  A ball python zombie (D:3)
  4 bats
  9 kobolds
  2 rats
89 creatures vanquished.

Vanquished Creatures (others)
  A butterfly (D:3)
  2 plants (D:1)
  4 withered plants (D:3)
7 creatures vanquished.

Grand Total: 96 creatures vanquished

Notes
Turn   | Place    | Note
-------+----------+-------------------------------------------
     0 | D:1      | Zwerchau the Draconian Berserker began the quest for the
                  | Orb.
     0 | D:1      | Reached XP level 1. HP: 19/19 MP: 1/1
     9 | D:1      | Noticed a bullfrog
   255 | D:1      | Reached XP level 2. HP: 12/26 MP: 2/2
  1162 | D:1      | Found a faded altar of an unknown god.
  1542 | D:1      | Reached XP level 3. HP: 33/33 MP: 3/3
  1743 | D:2      | Reached ** piety under Trog
  2059 | D:2      | Noticed Terence
  2079 | D:2      | Killed Terence
  2105 | D:2      | Reached XP level 4. HP: 25/40 MP: 4/4
  2377 | D:2      | Found an opulent altar of Gozag.
  2605 | D:3      | Reached skill level 1 in Throwing
  2942 | D:3      | Reached XP level 5. HP: 24/47 MP: 5/5
  3279 | D:3      | Found a hazy altar of Hepliaklqana.
  3341 | D:3      | Found a white marble altar of Elyvilon.
  3445 | D:3      | Found a shimmering altar of Xom.
  4495 | D:4      | Noticed Menkaure
  4529 | D:4      | Killed Menkaure
  4530 | D:4      | Reached XP level 6. HP: 19/55 MP: 6/6
  4752 | D:4      | You fall into a shaft and drop 3 floors!
  4783 | D:7      | Reached skill level 5 in Fighting
  4854 | D:7      | Your scales start taking on a rich purple colour.
  4854 | D:7      | Reached XP level 7. HP: 61/61 MP: 7/7
  4856 | D:7      | Reached skill level 5 in Polearms
  5357 | D:7      | Noticed Pikel
  5364 | D:7      | Noticed Joseph
  5365 | D:7      | HP: 1/62 [Pikel/+0 whip of electrocution (17)]
  5367 | D:7      | Slain by Pikel

Illustrated notes

Levels and vault maps discovered:
D:1:      evilmike_arrival_come_back, layout_loops_cross,
          chequers_ecumenical_altar_lobes
D:2:      layout_loops_ring, basic_altar, uniq_terence
D:3:      layout_loops_corners, nicolae_elyvilon_peaceful_grove,
          mainiacjoe_overflow_six_doors_small,
          mainiacjoe_overflow_surrounded_room, serial_undead, serial_undead_f,
          serial_undead_e, serial_undead_b, serial_undead_a,
          minmay_misc_feat_square
D:4:      kennysheep_the_goblin_king, layout_cave_pods,
          mainiacjoe_overflow_alcove_4, uniq_menkaure, uniq_robin
D:7:      layout_loops_ring, mainiacjoe_overflow_24_doors,
          minmay_temple_entry_ruins, uniq_pikel, uniq_joseph

Skill      XL: |  1  2  3  4  5  6  7 |
---------------+----------------------+-----
Dodging        | 3 4 |  4.8
Fighting       | 4 5 |  5.9
Throwing       | 1 2 3 |  3.5
Polearms       | 4 5 |  5.3

Action                   |  1- 3 |  4- 6 |  7- 9 || total
-------------------------+-------+-------+-------++-------
Melee: Spear             |   124 |    83 |       ||   207
       Tailslap          |     8 |    22 |     1 ||    31
       Punch             |     1 |     2 |       ||     3
       Halberd           |       |    82 |    18 ||   100
Throw: Throwing net      |       |     1 |       ||     1
Invok: Berserk           |     1 |     5 |     1 ||     7
       Trog's Hand       |       |     3 |       ||     3
 Abil: Breathe Dispellin |       |       |     1 ||     1
  Use: Scroll            |     5 |     4 |       ||     9
       Potion            |     1 |     3 |       ||     4
 Stab: Sleeping          |     3 |     1 |       ||     4
Armor: Skin              |    27 |    68 |     3 ||    98
Dodge: Dodged            |    79 |   153 |     6 ||   238

Table legend: (Time is in decaauts)
 A = Elapsed time spent in this place.
 B = Non-inter-level travel time spent in this place.
 C = Inter-level travel time spent in this place.
 D = Time resting spent in this place.
 E = Time spent auto-exploring this place.
 F = Levels seen in this place.
 G = Mean time per level.
                   A        B        C        D        E       F      G
               +--------+--------+--------+--------+--------+-----+--------+
         Total |   5454 |   5454 |      0 |   2193 |    712 |   5 | 1090.8 |
       Dungeon |   5454 |   5454 |      0 |   2193 |    712 |   5 | 1090.8 |
               +--------+--------+--------+--------+--------+-----+--------+

Top non-repeatable levels by time:
     D:3: 1844 daAuts
     D:1: 1610 daAuts
     D:2: 1027 daAuts
     D:7: 633 daAuts
     D:4: 337 daAuts
